[Event "Team 45 45 League T41"]
[Site "Internet Chess Club"]
[Date "2009.06.23"]
[Round "8"]
[White "RD1974"]
[Black "AntonioMendonca"]
[Result "1/2-1/2"]
[WhiteElo "1663"]
[BlackElo "1746"]
[Opening "Sicilian: closed"]
[ECO "B23"]
[Time "17:34:30"]
[TimeControl "2700+45"]

1. e4 c5 2. Nc3 d6 3. g3 Nf6 4. Bg2 Nc6 5. d3 e6 6. Be3 Be7 7. f4 Qb6 8. Qc1 Ng4
9. Rb1 Nxe3 10. Qxe3 Nd4 11. Qd2 Bd7 12. Nf3 Nxf3+ 13. Bxf3 O-O 14. O-O Rac8 15.
Nd1 c4+ 16. d4 Bc6 17. c3 d5 18. e5 Qc7 19. Ne3 b5 20. Bg4 Bd7 21. Bh3 a5 22. g4
f6 23. exf6 Rxf6 24. f5 Rcf8 25. g5 R6f7 26. fxe6 Rxf1+ 27. Rxf1 Rxf1+ 28. Nxf1
Be8 29. Ng3 Bg6 30. Nf5 Bxf5 31. Bxf5 g6 32. Bg4 Qd8 33. h4 Qf8 34. Qe3 Bd6 35.
Kg2 Qf4 36. Qxf4 Bxf4 37. Bf3 Kf8 38. Bxd5 Ke7 39. Kf3 Bc1 40. b3 cxb3 41. axb3
Bb2 42. c4 bxc4 43. Bxc4 Bxd4 44. Kg4 Kd8 45. h5 Ke7 46. hxg6 hxg6 47. Kf4 Bc3
48. Bd3 Kxe6 49. Bxg6 Bd2+ 50. Kg4 Ke5 51. Bf7 Kd6 52. Kf5 Ke7 53. g6 Bc3 54.
Kg5 Bd2+ 55. Kh5 Kf6 {Game drawn by mutual agreement} 1/2-1/2

[Event "Team 45 45 League T41"]
[Site "Internet Chess Club"]
[Date "2009.06.18"]
[Round "8"]
[White "MRuperez"]
[Black "Merciful"]
[Result "1/2-1/2"]
[WhiteElo "2226"]
[BlackElo "1933"]
[Opening "QGD Slav: Dutch variation, main line"]
[ECO "D19"]
[Time "20:02:33"]
[TimeControl "2700+45"]

1. d4 d5 2. c4 c6 3. Nf3 Nf6 4. Nc3 dxc4 5. a4 Bf5 6. e3 e6 7. Bxc4 Bb4 8. O-O
O-O 9. Qe2 Bg4 10. Rd1 Qa5 11. e4 Qh5 12. Bf4 Bxf3 13. Qxf3 Qxf3 14. gxf3 a5 15.
Na2 Be7 16. Nc1 Nbd7 17. Nb3 Bb4 18. Be3 Rfd8 19. Bg5 h6 20. Bd2 Bxd2 21. Rxd2
Kf8 22. Kf1 Nh5 23. Be2 Nf4 24. Rad1 Ke7 25. Nc1 Nb6 26. b3 Rd7 27. Bc4 Rad8 28.
Ne2 Nxe2 29. Kxe2 g6 30. Ke3 Kf6 31. Bf1 Ke7 32. f4 f5 33. f3 Kf6 34. h4 h5 35.
Rc1 Ke7 36. Rc5 Ra8 37. Rg2 Kf6 38. Rgc2 Ke7 39. Be2 Kf6 40. Re5 Re7 41. Rcc5
Nd7 42. Rxa5 Rb8 43. Ra7 Nxe5 44. fxe5+ Kf7 45. exf5 gxf5 46. f4 Kf8 {Game drawn
by mutual agreement} 1/2-1/2

[Event "Team 45 45 League T41"]
[Site "Internet Chess Club"]
[Date "2009.06.21"]
[Round "8"]
[White "Hubris123"]
[Black "Morovon23"]
[Result "1/2-1/2"]
[WhiteElo "2037"]
[BlackElo "2197"]
[Opening "Scandinavian defense"]
[ECO "B01"]
[Time "14:01:08"]
[TimeControl "2700+45"]

1. e4 d5 2. exd5 Qxd5 3. Nc3 Qa5 4. d4 Nf6 5. Nf3 Bf5 6. Ne5 e6 7. Nc4 Qb4 8.
Bd2 Qe7 9. Ne5 Qd8 10. Qf3 c6 11. O-O-O Nbd7 12. h3 Bb4 13. g4 Bg6 14. Bg2 Qb6
15. Nxg6 hxg6 16. Rhe1 O-O 17. a3 Bd6 18. g5 Nh5 19. Ne4 Be7 20. h4 Rac8 21. Bh3
Qc7 22. Kb1 Rfd8 23. Ng3 Nxg3 24. fxg3 Nf8 25. h5 Rxd4 26. hxg6 Nxg6 27. Rxe6
Rcd8 28. Rf1 Bxa3 29. Bc3 R4d6 30. Rxg6 Rxg6 31. bxa3 Rxg5 32. Bg4 a5 33. Ka2
Re8 34. Rf2 f6 35. Re2 Qf7+ 36. Kb2 Rxe2 37. Qxe2 f5 38. Bf3 Rxg3 39. Bxa5 f4
40. Bc3 Rg5 41. Bg4 Qg6 42. Be6+ Kh7 43. Bc4 Rg2 44. Qd1 Rg1 45. Qd8 Qg4 46. Ba2
Qf5 47. Bc4 Rg3 48. Qg8+ Kh6 49. Qh8+ Qh7 50. Qf8 Qe4 51. Bd3 Rxd3 52. cxd3 Qe2+
53. Kc1 Qxd3 54. Qxf4+ g5 55. Qe5 Kh5 56. Kb2 Kg4 57. Kb3 Qb1+ 58. Kc4 Qf1+ 59.
Kc5 Qb5+ 60. Kd6 Qb3 61. Qe4+ Kh5 62. Qe2+ Kh6 63. Qe6+ Qxe6+ 64. Kxe6 g4 65.
Kf5 g3 66. Bd4 Kh7 67. Kf4 Kg6 68. Kxg3 Kf5 69. Bb6 Ke6 70. Kf4 Kd7 71. Ke5 Kc8
72. Kd6 Kb8 73. Ke7 Ka8 74. Kd7 Kb8 75. Bc5 b6 76. Bxb6 c5 77. Kc6 c4 78. Bd4 c3
79. Bxc3 Ka8 80. Kb6 Kb8 81. Kc6 Ka8 82. Kc7 Ka7 83. Kc8 Ka8 {Game drawn by
mutual agreement} 1/2-1/2

[Event "Team 45 45 League T41"]
[Site "Internet Chess Club"]
[Date "2009.06.20"]
[Round "8"]
[White "dpawn"]
[Black "upsan"]
[Result "1-0"]
[WhiteElo "1894"]
[BlackElo "1838"]
[Opening "Queen's pawn"]
[ECO "A40"]
[Time "21:24:53"]
[TimeControl "2700+45"]

1. d4 e6 2. Nf3 f5 3. g3 d5 4. Bg2 c6 5. O-O Bd6 6. Ne5 Nf6 7. c4 O-O 8. Nc3 Qc7
9. Bf4 Nh5 10. Rc1 Nxf4 11. gxf4 Qe7 12. Qb3 Qh4 13. cxd5 Bxe5 14. dxe6 Qe7 15.
fxe5 Bxe6 16. d5 cxd5 17. Nxd5 Qg5 18. Qxb7 Nd7 19. Nc7 {Black resigns} 1-0

[Event "Team 45 45 League T41"]
[Site "Internet Chess Club"]
[Date "2009.06.20"]
[Round "8"]
[White "mongmong"]
[Black "Portola"]
[Result "1/2-1/2"]
[WhiteElo "1656"]
[BlackElo "1726"]
[Opening "Queen's pawn game"]
[ECO "D05"]
[Time "15:01:07"]
[TimeControl "2700+45"]

1. d4 d5 2. Nf3 Nf6 3. e3 e6 4. Bd3 Bd6 5. Nbd2 Nbd7 6. O-O O-O 7. c3 c5 8. Re1
e5 9. e4 c4 10. Bc2 Qc7 11. dxe5 Nxe5 12. Nxe5 Bxe5 13. Nf3 dxe4 14. Bxe4 Bf4
15. Bxf4 Qxf4 16. Qd2 Qxd2 17. Nxd2 Nxe4 18. Nxe4 Be6 19. Nc5 Bd5 20. Rad1 Bc6
21. Nd7 Rfe8 22. Ne5 Bb5 23. Nf3 Bc6 24. Nd4 Be4 25. f3 Bd3 26. Kf2 a6 27. Rxe8+
Rxe8 28. Re1 Rxe1 29. Kxe1 Kf8 30. Kd2 b5 31. Ke3 Ke7 32. f4 g6 33. Nf3 f6 34.
Ne1 Bf5 35. Kd4 Kd6 36. g3 Bb1 37. a3 Bf5 38. Ng2 Bd7 39. Ne3 Be6 40. h4 f5 41.
Nc2 a5 42. Ne1 Bd5 43. Nc2 Be4 44. Ne3 Bf3 45. Nc2 Be4 46. Ne3 Bf3 {Game drawn
by mutual agreement} 1/2-1/2

[Event "Team 45 45 League T41"]
[Site "Internet Chess Club"]
[Date "2009.06.22"]
[Round "8"]
[White "rubo"]
[Black "raimundo"]
[Result "1-0"]
[WhiteElo "1719"]
[BlackElo "1777"]
[Opening "Bird: From gambit, Lasker variation"]
[ECO "A02"]
[Time "23:33:52"]
[TimeControl "2700+45"]

1. f4 e5 2. fxe5 d6 3. exd6 Bxd6 4. Nf3 g5 5. d4 g4 6. Ng5 Bf5 7. e4 h6 8. exf5
hxg5 9. Qxg4 Bxh2 10. Bxg5 Qd6 11. Kd1 Nc6 12. Bb5 Nf6 13. Bxf6 Qxf6 14. Qe4+
Kf8 15. Bxc6 Rd8 16. c3 Rh4 17. g4 bxc6 18. Nd2 c5 19. Nf3 cxd4 20. cxd4 Bg3 21.
Rxh4 Bxh4 22. Kc2 Bf2 23. g5 Qb6 24. Rd1 Rb8 25. b3 Re8 26. Ne5 Kg7 27. f6+ Kg8
28. Rh1 Bxd4 29. Qh7+ Kf8 30. Qxf7# {Black checkmated} 1-0

[Event "Team 45 45 League T41"]
[Site "Internet Chess Club"]
[Date "2009.06.20"]
[Round "8"]
[White "Andressa"]
[Black "g8wrb"]
[Result "1-0"]
[WhiteElo "1501"]
[BlackElo "1475"]
[Opening "French: Steinitz variation"]
[ECO "C11"]
[Time "14:05:37"]
[TimeControl "2700+45"]

1. e4 e6 2. d4 d5 3. Nc3 Nf6 4. e5 Nfd7 5. Nf3 a6 6. Be2 c5 7. Be3 cxd4 8. Bxd4
Nc6 9. a3 Be7 10. b4 O-O 11. O-O f6 12. exf6 Nxf6 13. h3 Qc7 14. Qd3 Bd7 15. Be5
Nxe5 16. Nxe5 Qxe5 17. f4 Qc7 18. f5 Rac8 19. fxe6 Bxe6 20. Rf3 Qe5 21. Re3 Ne4
22. Bg4 Bxg4 23. hxg4 Qxc3 24. Qxd5+ Kh8 25. Rxc3 Nxc3 26. Qxb7 Ne2+ 27. Kh1 Bf6
28. Re1 Nd4 29. c4 Rxc4 30. Qxa6 Rcc8 31. Qd3 Nc6 32. b5 Na5 33. b6 Rc3 34. Qb5
Nc6 35. b7 Nb8 36. Re8 Rc1+ 37. Kh2 Be7 38. Rxf8+ Bxf8 39. Qe8 Kg8 40. Qxb8 Rd1
41. Qe8 Rb1 42. b8=Q Rxb8 43. Qxb8 h6 44. a4 h5 45. gxh5 Kh7 46. a5 Bc5 47. a6
g6 48. hxg6+ Kxg6 49. a7 Bxa7 50. Qxa7 Kg5 51. Qa4 Kf5 52. g4+ Ke5 53. Kg3 Kd5
54. g5 Ke5 55. Qf4+ Kd5 56. g6 Ke6 57. g7 Ke7 58. g8=Q Kd7 59. Qd4+ Kc6 60.
Qgc4+ Kb7 61. Qb2+ Ka7 62. Qa4# {Black checkmated} 1-0

[Event "Team 45 45 League T41"]
[Site "Internet Chess Club"]
[Date "2009.06.20"]
[Round "8"]
[White "AtomicDog"]
[Black "ElMarginal"]
[Result "0-1"]
[WhiteElo "1381"]
[BlackElo "1549"]
[Opening "Scandinavian (center counter) defense"]
[ECO "B01"]
[Time "16:02:43"]
[TimeControl "2700+45"]

1. e4 d5 2. exd5 Qxd5 3. Nc3 Qa5 4. d4 Nf6 5. Nf3 Bg4 6. Bc4 e6 7. Bd2 c6 8. Qe2
Be7 9. O-O-O Nbd7 10. Nd5 Qd8 11. Nxe7 Qxe7 12. Rhe1 Nb6 13. Bd3 Nbd5 14. c3 Qd6
15. g3 h6 16. Rh1 O-O-O 17. h3 Bf5 18. Ne5 Bxd3 19. Qxd3 Rhf8 20. Rhf1 Nd7 21.
f4 Nxe5 22. fxe5 Qc7 23. c4 Ne7 24. Rf3 Nf5 25. Bc3 Rd7 26. Qe4 g6 27. Kb1 Qb6
28. Rfd3 h5 29. b3 Qd8 30. Qg2 Qg5 31. Bd2 Qd8 32. Bb4 Re8 33. Qd2 Qc7 34. Bc3
Red8 35. d5 exd5 36. cxd5 Rxd5 37. Rxd5 Rxd5 38. Qc1 Rxd1 39. Qxd1 Nxg3 40. Qe1
Nf5 41. e6 Qe7 42. Qe5 Qxe6 43. Qh8+ Kd7 44. Qf8 Qe8 45. Qb4 Nd6 46. Qd4 Qe4+
{White resigns} 0-1

[Event "Team 45 45 League T41"]
[Site "Internet Chess Club"]
[Date "2009.06.18"]
[Round "8"]
[White "cknights"]
[Black "Giacometti"]
[Result "1-0"]
[WhiteElo "2001"]
[BlackElo "1752"]
[Opening "Dutch: classical variation"]
[ECO "A96"]
[Time "17:32:59"]
[TimeControl "2700+45"]

1. d4 f5 2. g3 Nf6 3. Bg2 e6 4. c4 Be7 5. Nf3 d6 6. O-O O-O 7. Nc3 a5 8. d5 e5
9. Ng5 f4 10. gxf4 exf4 11. Qc2 h6 12. Ne6 Bxe6 13. dxe6 Nc6 14. e3 Qc8 15. Nd5
fxe3 16. Bxe3 Ng4 17. Qg6 Nge5 18. Qe4 Bf6 19. c5 Ne7 20. cxd6 cxd6 21. Nb6 Qxe6
22. Nxa8 Rxa8 23. Qxb7 Rf8 24. Rad1 Qg4 25. Rxd6 Bh4 26. Kh1 Qh5 27. Rd5 Nxd5
28. Qxd5+ Kh8 29. f4 Rd8 30. Qxe5 Qg4 31. Bb6 Bf6 32. Qxa5 Rd1 33. Rxd1 Qxd1+
34. Bg1 Kg8 35. Bd5+ Kh7 {Black resigns} 1-0

[Event "Team 45 45 League T41"]
[Site "Internet Chess Club"]
[Date "2009.06.21"]
[Round "8"]
[White "dougmo"]
[Black "ticopatzer"]
[Result "1-0"]
[WhiteElo "1546"]
[BlackElo "1524"]
[Opening "Sicilian: Grand Prix attack"]
[ECO "B23"]
[Time "13:00:13"]
[TimeControl "2700+45"]

1. e4 c5 2. Nc3 Nc6 3. f4 g6 4. Nf3 Bg7 5. Bb5 Nd4 6. O-O Nxb5 7. Nxb5 d6 8. d3
Nf6 9. Nc3 O-O 10. Qe1 d5 11. e5 Ng4 12. h3 Nh6 13. g4 f5 14. exf6 exf6 15. Qh4
d4 16. Ne4 b6 17. f5 Nf7 18. fxg6 hxg6 19. Qg3 Bb7 20. Nh4 Ne5 21. Bf4 g5 22.
Bxe5 gxh4 23. Qxh4 Bxe4 24. dxe4 fxe5 25. Qh5 Qe8 26. Qh4 Qb5 27. g5 Qe2 28. g6
Qe3+ 29. Kh1 Qh6 30. Qg4 Rf4 31. Rxf4 exf4 32. Qe6+ Kh8 33. Rf1 Rf8 34. e5 Qg5
35. Rg1 Qxe5 36. Qg4 Qe4+ 37. Kh2 Qxc2+ 38. Rg2 Qf5 39. Qh4+ Kg8 40. Qh7# {Black
checkmated} 1-0

[Event "Team 45 45 League T41"]
[Site "Internet Chess Club"]
[Date "2009.06.20"]
[Round "8"]
[White "medsurg"]
[Black "Bookkeeper"]
[Result "0-1"]
[WhiteElo "1436"]
[BlackElo "1612"]
[Opening "Caro-Kann: Tartakower (fantasy) variation"]
[ECO "B12"]
[Time "04:06:12"]
[TimeControl "2700+45"]

1. e4 c6 2. d4 d5 3. f3 Nf6 4. Nc3 dxe4 5. fxe4 e5 6. Nf3 exd4 7. Nxd4 Bc5 8.
Be3 Nbd7 9. Bf4 O-O 10. Qd2 Re8 11. O-O-O Bb4 12. Bd3 Qb6 13. Nf5 Ne5 14. Nxg7
Kxg7 15. Bh6+ Kh8 16. Qg5 Nh5 17. Qxh5 Bxc3 18. bxc3 Qc5 19. Qg5 Nxd3+ 20. Rxd3
Qxg5+ 21. Bxg5 Kg7 22. Rf1 Rxe4 23. Rd8 f5 24. Kd2 Rg4 25. Be3 Rxg2+ 26. Kd3 b6
27. Bd4+ Kf7 28. Be5 Ba6+ 29. c4 Rxd8+ {White resigns} 0-1

[Event "Team 45 45 League T41"]
[Site "Internet Chess Club"]
[Date "2009.06.19"]
[Round "8"]
[White "parrot9"]
[Black "Razorbackchess"]
[Result "1/2-1/2"]
[WhiteElo "1770"]
[BlackElo "1806"]
[Opening "Sicilian: Taimanov variation"]
[ECO "B48"]
[Time "17:25:37"]
[TimeControl "2700+45"]

1. e4 c5 2. Nf3 e6 3. d4 cxd4 4. Nxd4 Nc6 5. Nc3 Qc7 6. Be3 a6 7. Bd3 Nf6 8. O-O
Ne5 9. h3 Bc5 10. f4 Nxd3 11. Qxd3 d6 12. Rad1 b5 13. Nf3 Bb7 14. e5 dxe5 15.
fxe5 Nd5 16. Nxd5 Bxd5 17. b3 Bxf3 18. Rxf3 O-O 19. Qe4 Bxe3+ 20. Rxe3 Rac8 21.
c3 Rfd8 22. Red3 g6 23. Rxd8+ Rxd8 24. Rxd8+ Qxd8 25. Qc6 Qa5 26. a4 bxa4 27.
bxa4 Qxe5 28. Qxa6 Qxc3 29. Qa8+ Kg7 30. a5 Qe1+ 31. Kh2 Qe5+ 32. Kg1 Qe1+ 33.
Kh2 Qe5+ 34. Kg1 Qe1+ {Game drawn by repetition} 1/2-1/2

[Event "Team 45 45 League T41"]
[Site "Internet Chess Club"]
[Date "2009.06.21"]
[Round "8"]
[White "allanchs"]
[Black "twintower"]
[Result "1-0"]
[WhiteElo "1539"]
[BlackElo "1456"]
[Opening "French: Fort Knox variation"]
[ECO "C03"]
[Time "08:01:08"]
[TimeControl "2700+45"]

1. e4 e6 2. d4 d5 3. Nd2 dxe4 4. Nxe4 Bd7 5. Nf3 Bc6 6. Bd3 Nd7 7. O-O Ngf6 8.
Nxf6+ Nxf6 9. c3 Be4 10. Bg5 Bxd3 11. Qxd3 Be7 12. Rfe1 O-O 13. Rad1 Nd5 14.
Bxe7 Qxe7 15. Re4 Nf6 16. Re2 Nd5 17. Qd2 Rad8 18. c4 Nf6 19. d5 Rfe8 20. Qe3
Ng4 21. Qb3 b6 22. h4 Qf6 23. Rde1 e5 24. Re4 Qf5 25. Qc2 Qh5 26. Qe2 f6 27. Qd1
Qf5 28. Qe2 Nh6 29. Nd4 Qh5 30. Qxh5 {Black resigns} 1-0

[Event "Team 45 45 League T41"]
[Site "Internet Chess Club"]
[Date "2009.06.20"]
[Round "8"]
[White "ilknight"]
[Black "Invicta-Knight"]
[Result "0-1"]
[WhiteElo "1468"]
[BlackElo "1613"]
[Opening "Caro-Kann: Panov-Botvinnik attack"]
[ECO "B13"]
[Time "11:03:46"]
[TimeControl "2700+45"]

1. d4 Nf6 2. c4 c5 3. e3 d5 4. Nc3 cxd4 5. exd4 dxc4 6. Bxc4 e6 7. Nf3 Be7 8.
Bb5+ Bd7 9. Qa4 O-O 10. Be3 Nc6 11. Qb3 Rc8 12. Rd1 Na5 13. Qa4 Rc4 14. Qc2 Bxb5
15. Ne5 Rc8 16. a4 Ba6 17. Qb1 Bb4 18. Rc1 Nd5 19. Bd2 Nb3 20. Rc2 Nxd2 21. Kxd2
Nxc3 22. bxc3 Qxd4+ {White resigns} 0-1

[Event "Team 45 45 League T41"]
[Site "Internet Chess Club"]
[Date "2009.06.20"]
[Round "8"]
[White "jericho121"]
[Black "quaksterjohny"]
[Result "0-1"]
[WhiteElo "1517"]
[BlackElo "1489"]
[Opening "Caro-Kann: Steinitz variation"]
[ECO "B17"]
[Time "14:03:34"]
[TimeControl "2700+45"]

1. e4 c6 2. d4 d5 3. Nc3 dxe4 4. Nxe4 Nd7 5. Bc4 Ngf6 6. Ng5 e6 7. Be3 h6 8.
N5f3 Bd6 9. Ne2 O-O 10. Bf4 Qc7 11. Bxd6 Qxd6 12. c3 Re8 13. O-O Nb6 14. Bd3
Nbd5 15. Ne5 c5 16. Rc1 b6 17. a3 Bb7 18. c4 Nc7 19. Re1 cxd4 20. Nf3 Ng4 21.
Ng3 e5 22. Be4 Bxe4 23. Nxe4 Qg6 24. h3 Nf6 25. Nxf6+ Qxf6 26. Qe2 e4 27. Nd2 e3
28. fxe3 Rxe3 29. Qf2 Qxf2+ 30. Kxf2 Rae8 31. Nb3 Rxb3 32. Rxe8+ Nxe8 33. Rd1
Rxb2+ 34. Ke1 Rxg2 35. Rxd4 Rg3 36. Kf2 Rxh3 37. Rd8 Kf8 38. Kg2 Rxa3 39. Kf2 a5
40. Rb8 Rc3 41. Rxb6 Rxc4 42. Ra6 Rc5 43. Ra8 f5 44. Ke3 Kf7 45. Kd4 Rb5 46. Kc4
Nd6+ 47. Kd4 Ke6 48. Ra6 Rb4+ 49. Kc5 Rc4+ 50. Kb6 g5 51. Kxa5 f4 52. Ra8 g4 53.
Rg8 f3 54. Rg6+ Ke5 55. Rxh6 f2 56. Rh1 g3 57. Rh5+ Nf5 {White resigns} 0-1

[Event "Team 45 45 League T41"]
[Site "Internet Chess Club"]
[Date "2009.06.20"]
[Round "8"]
[White "AngryPirate"]
[Black "Zappy"]
[Result "0-1"]
[WhiteElo "1451"]
[BlackElo "1589"]
[Opening "KGA: Becker defense"]
[ECO "C34"]
[Time "21:32:11"]
[TimeControl "2700+45"]

1. e4 e5 2. f4 exf4 3. Nf3 h6 4. d4 g5 5. h4 Bg7 6. hxg5 hxg5 7. Rxh8 Bxh8 8. e5
g4 9. Ng1 Qh4+ 10. Ke2 f3+ 11. Kd2 Qf2+ {White resigns} 0-1

[Event "Team 45 45 League T41"]
[Site "Internet Chess Club"]
[Date "2009.06.19"]
[Round "8"]
[White "guyd52"]
[Black "lawth3"]
[Result "1-0"]
[WhiteElo "1373"]
[BlackElo "1088"]
[Opening "Réti: King's Indian attack (Barcza system)"]
[ECO "A07"]
[Time "15:00:07"]
[TimeControl "2700+45"]

1. Nf3 d5 2. g3 Nf6 3. Bg2 e6 4. d3 Bd6 5. O-O O-O 6. Nbd2 Nbd7 7. c4 dxc4 8.
Nxc4 Re8 9. d4 Be7 10. e4 Nxe4 11. Nfe5 Nxe5 12. dxe5 Nc5 13. Qg4 c6 14. Bh6 g6
15. b4 Nd7 16. a3 Bf8 17. Bf4 Qc7 18. h4 h5 19. Qe2 b5 20. Na5 Bb7 21. Rac1 Nb8
22. Rc3 Ba6 23. Nxc6 Nxc6 24. Bxc6 Red8 25. Rfc1 Rab8 26. Bxb5 Qb6 27. Bxa6 Qd4
28. Rc4 Qd3 29. Qxd3 Rxd3 30. R4c3 Rc8 {Black resigns} 1-0

[Event "Team 45 45 League T41"]
[Site "Internet Chess Club"]
[Date "2009.06.20"]
[Round "8"]
[White "KingOfHearts"]
[Black "CoasterBrake"]
[Result "0-1"]
[WhiteElo "1277"]
[BlackElo "1267"]
[Opening "Caro-Kann: advance variation"]
[ECO "B12"]
[Time "19:00:22"]
[TimeControl "2700+45"]

1. e4 c6 2. d4 d5 3. e5 Bf5 4. Nf3 e6 5. Nc3 Bb4 6. a3 Ba5 7. b4 Bb6 8. a4 a5 9.
b5 Ne7 10. Ne2 Nd7 11. Ng3 Bg4 12. c4 Bxf3 13. Qxf3 Bxd4 14. Ra3 Bxe5 15. Qh5
Ng6 16. Rf3 Nf6 17. Bg5 Nxh5 18. Bxd8 Nxg3 19. fxg3 Rxd8 20. c5 Bd4 21. Rd3 Bxc5
22. Rc3 Bb4 {White resigns} 0-1

[Event "Team 45 45 League T41"]
[Site "Internet Chess Club"]
[Date "2009.06.21"]
[Round "8"]
[White "farbror"]
[Black "The-Capitalist"]
[Result "0-1"]
[WhiteElo "1248"]
[BlackElo "1321"]
[Opening "Caro-Kann: exchange, Rubinstein variation"]
[ECO "B13"]
[Time "05:00:19"]
[TimeControl "2700+45"]

1. e4 c6 2. d4 d5 3. exd5 cxd5 4. Bd3 Nc6 5. c3 Nf6 6. Bf4 Bg4 7. Qb3 Na5 8.
Qa4+ Bd7 9. Qc2 g6 10. Nf3 Nc6 11. Ne5 Nxe5 12. dxe5 Nh5 13. Bg3 Nxg3 14. hxg3
Qc8 15. Nd2 Bf5 16. Bxf5 Qxf5 17. Qa4+ Qd7 18. Qxd7+ Kxd7 19. O-O-O e6 20. Nf3
Be7 21. c4 Rac8 22. b3 b5 23. Nd2 f6 24. f4 fxe5 25. fxe5 h5 26. Kb2 a6 27. cxd5
exd5 28. Ne4 Ke6 29. Nc3 Rcd8 30. Rhe1 Rhf8 31. Ne2 Rf2 32. Rd2 Bb4 33. Nd4+ Kd7
34. Rxf2 Bxe1 35. e6+ Kd6 36. Re2 Bxg3 37. e7 Re8 38. Re6+ Kc5 39. Rxg6 Kxd4 40.
Rxg3 Rxe7 41. Rc3 Re2+ 42. Rc2 Rxc2+ 43. Kxc2 Ke4 44. Kd2 Kf4 45. Ke2 Kg3 46.
Kf1 h4 47. Kg1 d4 48. Kf1 d3 49. Ke1 Kxg2 {White resigns} 0-1

[Event "Team 45 45 League T41"]
[Site "Internet Chess Club"]
[Date "2009.06.19"]
[Round "8"]
[White "furrbrain"]
[Black "dornoch"]
[Result "1-0"]
[WhiteElo "1187"]
[BlackElo "1029"]
[Opening "Caro-Kann: classical variation"]
[ECO "B18"]
[Time "10:16:24"]
[TimeControl "2700+45"]

1. e4 c6 2. d4 d5 3. Nc3 dxe4 4. Nxe4 Bf5 5. Bd3 Bxe4 6. Bxe4 Nd7 7. Nf3 Qc7 8.
O-O O-O-O 9. c4 f6 10. Bd2 e5 11. d5 cxd5 12. cxd5 Qb6 13. Rc1+ Bc5 14. b4 g6
15. bxc5 Nxc5 16. Be3 Kb8 17. Bxc5 Qb2 18. Qa4 b6 19. Bd6+ Ka8 20. Qc6# {Black
checkmated} 1-0

[Event "Team 45 45 League T41"]
[Site "Internet Chess Club"]
[Date "2009.06.22"]
[Round "8"]
[White "easycure"]
[Black "frothyjowels"]
[Result "1-0"]
[WhiteElo "2419"]
[BlackElo "2431"]
[Opening "Benoni defense"]
[ECO "A61"]
[Time "21:00:55"]
[TimeControl "2700+45"]

1. d4 c5 2. d5 Nf6 3. c4 e6 4. Nc3 exd5 5. cxd5 Bd6 6. e4 O-O 7. g3 Re8 8. Bg2
b5 9. Qc2 Na6 10. a3 Be5 11. Nge2 b4 12. Nd1 bxa3 13. Rxa3 Qb6 14. Ne3 Nb4 15.
Qb3 Ba6 16. f4 Bxb2 17. Qxb2 Nd3+ 18. Rxd3 Bxd3 19. e5 Qxb2 20. Bxb2 Rab8 21.
Bc1 Ne4 22. Bxe4 Bxe4 23. O-O f6 24. Nc3 Bd3 25. Rd1 c4 26. exf6 gxf6 27. Kf2
Rb3 28. Na4 d6 29. Nb2 Rxe3 30. Kxe3 Bc2+ 31. Kd2 Bxd1 32. Nxd1 Rd3+ 33. Kc2
Rxd5 34. Ne3 Ra5 35. Bb2 d5 36. Bxf6 Kf7 37. Bb2 Rb5 38. g4 a5 39. h4 a4 40. f5
Rxb2+ 41. Kxb2 {Black resigns} 1-0

[Event "Team 45 45 League T41"]
[Site "Internet Chess Club"]
[Date "2009.06.22"]
[Round "8"]
[White "eurander"]
[Black "Ser-Enigma"]
[Result "1/2-1/2"]
[WhiteElo "2229"]
[BlackElo "2167"]
[Opening "Queen's pawn game, Darooha variation "]
[ECO "D02"]
[Time "03:03:42"]
[TimeControl "2700+45"]

1. d4 Nf6 2. Nf3 d5 3. c3 Bf5 4. Bg5 Ne4 5. Bf4 e6 6. Nbd2 Nd7 7. e3 Bd6 8. Bxd6
cxd6 9. Qb3 O-O 10. Be2 h6 11. O-O Qb6 12. Rfd1 Rfd8 13. Rac1 Rac8 14. Bb5 a6
15. Bxd7 Qxb3 16. axb3 Rxd7 {Game drawn by mutual agreement} 1/2-1/2

[Event "Team 45 45 League T41"]
[Site "Internet Chess Club"]
[Date "2009.06.22"]
[Round "8"]
[White "jorobo"]
[Black "gorgon"]
[Result "1-0"]
[WhiteElo "2192"]
[BlackElo "2042"]
[Opening "English: symmetrical variation"]
[ECO "A34"]
[Time "13:00:42"]
[TimeControl "2700+45"]

1. c4 c5 2. Nc3 g6 3. Nf3 Bg7 4. e3 Nf6 5. d4 O-O 6. Be2 cxd4 7. exd4 d5 8. O-O
Nc6 9. Bg5 Be6 10. c5 Ne4 11. Be3 Nxc3 12. bxc3 b6 13. cxb6 axb6 14. Qb3 Na5 15.
Qb4 Qc7 16. Rfb1 Rfb8 17. a4 Bf5 18. Rb2 Bf8 19. Qb5 Qxc3 20. Bd2 Qc6 21. Ne5
Qxb5 22. Bxb5 Bg7 23. Be3 Rc8 24. h3 f6 25. Nd7 Ra7 26. Nxb6 Rb8 27. Nxd5 Kf8
28. Rc1 Bd3 29. Rb4 Bxb5 30. axb5 Rab7 31. Nc7 Kf7 32. d5 f5 33. f4 g5 34. g3
gxf4 35. gxf4 Rd8 36. b6 Rd7 37. Rb5 {Black resigns} 1-0

[Event "Team 45 45 League T41"]
[Site "Internet Chess Club"]
[Date "2009.06.21"]
[Round "8"]
[White "gyoung"]
[Black "KNVB"]
[Result "1/2-1/2"]
[WhiteElo "2315"]
[BlackElo "2345"]
[Opening "French: Tarrasch, open variation"]
[ECO "C07"]
[Time "12:00:53"]
[TimeControl "2700+45"]

1. e4 e6 2. d4 d5 3. Nd2 c5 4. exd5 Qxd5 5. Ngf3 cxd4 6. Bc4 Qd6 7. O-O Nf6 8.
Nb3 Nc6 9. Nbxd4 Nxd4 10. Nxd4 Bd7 11. b3 a6 12. Bb2 Qc7 13. Qe2 O-O-O 14. Nf3
Bd6 15. Ne5 Rhf8 16. Rad1 Bc6 17. Rfe1 Be4 18. f4 Bg6 19. Nxg6 hxg6 20. g3 Bc5+
21. Kg2 Qc6+ 22. Qf3 Qxf3+ 23. Kxf3 b5 24. Bd3 Kc7 25. Bf1 Rh8 26. h4 Kb6 27.
Rd3 Rxd3+ 28. Bxd3 b4 29. Be5 Rd8 30. Rd1 a5 31. Be2 Rxd1 32. Bxd1 Nd5 33. Bxg7
Ne3 34. Be2 Nxc2 35. Bc4 Bd4 36. Be5 f6 37. Bxd4+ Nxd4+ 38. Ke4 Kc5 39. g4 f5+
40. gxf5 exf5+ 41. Ke3 Nc6 42. Bf7 {Game drawn by mutual agreement} 1/2-1/2

[Event "Team 45 45 League T41"]
[Site "Internet Chess Club"]
[Date "2009.06.19"]
[Round "8"]
[White "HomerSimpson"]
[Black "Zkid"]
[Result "0-1"]
[WhiteElo "2238"]
[BlackElo "2261"]
[Opening "Polish (Sokolsky) opening"]
[ECO "A00"]
[Time "11:30:42"]
[TimeControl "2700+45"]

1. b4 e5 2. Bb2 Bxb4 3. Bxe5 Nf6 4. Nc3 Nc6 5. Bxf6 Qxf6 6. Nd5 Qe5 7. c4 Ba5 8.
Nf3 Qe4 9. e3 d6 10. Be2 Be6 11. Qb3 Bb6 12. Nf4 Na5 13. Qc3 O-O 14. d4 Qf5 15.
O-O Qf6 16. Rac1 c5 17. d5 Qxc3 18. Rxc3 Bd7 19. h4 Bd8 20. Rb1 a6 21. Bd3 Rb8
22. Ng5 h6 23. Ne4 Bc7 24. Ng3 b5 25. cxb5 axb5 26. Bf5 b4 27. Rcc1 Ba4 28. Bc2
Bxc2 29. Rxc2 Bb6 30. Ne4 Bc7 31. Nd2 Rb7 32. Nd3 Rfb8 33. Nc1 Bd8 34. Nc4 Nxc4
35. Rxc4 Bf6 36. Kf1 Ra7 37. Ke2 Ra3 38. g3 Rba8 39. Rc2 h5 40. Rb3 Rxb3 41.
Nxb3 Kf8 42. Kd3 Ke7 43. Nd2 Bc3 44. Nb1 f5 45. Kc4 Bf6 46. Re2 Kd7 47. Rc2 Kc7
48. Kb3 Kb6 49. Kc4 Re8 50. Nd2 Bc3 51. Kb3 Bxd2 52. Rxd2 Ra8 53. Kb2 Kb5 54.
Re2 c4 55. e4 Re8 56. f3 c3+ 57. Kb3 Ra8 58. exf5 Ra3+ 59. Kc2 Rxa2+ 60. Kd3
Rxe2 61. Kxe2 Kc4 62. g4 Kxd5 63. Kd3 Ke5 64. Kc2 Kf4 65. Kd3 hxg4 66. h5 Kxf5
67. fxg4+ Kxg4 {White resigns} 0-1